 Dungeon Crawl Stone Soup version 0.19.5 (webtiles) character file.

84296 Just00me the Executioner (level 15, -18/107 HPs)
             Began as a Minotaur Berserker on Mar 3, 2017.
             Was the Champion of Trog.
             Killed from afar by a thorn hunter (31 damage)
             ... with a volley of thorns
             ... on level 2 of the Swamp.
             The game lasted 03:00:28 (24767 turns).

Just00me the Executioner (Minotaur Berserker)      Turns: 24767, Time: 03:00:32

Health: -18/107    AC: 30    Str: 29    XL:     15   Next: 34%
Magic:  14/14      EV:  9    Int:  4    God:    Trog [******]
Gold:   778        SH:  0    Dex: 12    Spells: 0 memorised, 14 levels left

rFire  . . .     SeeInvis .     P - +3 broad axe (flame)
rCold  . . .     Gourm    +     D - +0 plate armour
rNeg   . . .     Faith    .     (no shield)
rPois  +         Spirit   .     (helmet restricted)
rElec  .         Reflect  .     v - +1 cloak
rCorr  .         Harm     .     N - +2 pair of gloves {Dex+3}
MR     +....                    o - +0 pair of boots
Stlth  ..........               C - amulet of the gourmand
                                j - +4 ring of protection
                                F - ring of poison resistance

@: hasted, very quick
A: retaliatory headbutt, horns 2, mutation resistance 1
a: Berserk, Trog's Hand, Brothers in Arms, Burn Spellbooks, Renounce Religion


You were on level 2 of the Swamp.
You worshipped Trog.
Trog was exalted by your worship.
You were very full.

You visited 4 branches of the dungeon, and saw 24 of its levels.

You collected 1245 gold pieces.
You spent 467 gold pieces at shops.

Inventory:

Hand Weapons
 m - the +3 executioner's axe of Sumat {venom, *Noise rF++ Str+5}
   (Trog gifted it to you on level 11 of the Dungeon)

   It poisons the flesh of those it strikes.
   It affects your strength (+5).
   It greatly protects you from fire.
   It may make noises in combat.
 E - the +4 battleaxe "Vaklus" {chop, +Blink +Inv rC+}
   (You acquired it on level 9 of the Dungeon)

   It inflicts extra damage upon your enemies.
   It protects you from cold.
   It lets you turn invisible.
   It lets you blink.
 P - a +3 broad axe of flaming (weapon)
Missiles
 l - 10 tomahawks (quivered)
 n - 5 javelins of returning
 x - 7 javelins
Armour
 o - a +0 pair of boots (worn)
 v - a +1 cloak (worn)
 D - a +0 plate armour (worn)
 N - a +2 pair of gloves of dexterity (worn)
Jewellery
 a - a +3 ring of strength
 j - a +4 ring of protection (right hand)
 y - an uncursed ring of ice
 C - an amulet of the gourmand (around neck)
 F - a ring of poison resistance (left hand)
 G - an uncursed ring of protection from fire
Wands
 B - a wand of disintegration (12/24)
Scrolls
 f - 20 scrolls of remove curse
 g - 2 scrolls of enchant weapon
 i - 11 scrolls of teleportation
 p - 4 scrolls of enchant armour
 s - 3 scrolls of blinking
 z - a scroll of recharging
 H - 4 scrolls of magic mapping
Potions
 b - 4 potions of brilliance
 d - 6 potions of curing
 e - 3 potions of resistance
 h - 2 potions of cure mutation
 r - 5 potions of agility
 t - 4 potions of flight
 w - 3 potions of might
 A - 4 potions of haste
 M - 2 potions of heal wounds
 Q - a potion of invisibility
 R - a potion of ambrosia
 S - a potion of degeneration {unknown}
Miscellaneous
 k - a box of beasts
 O - a lamp of fire
Comestibles
 c - 17 bread rations
 u - 7 meat rations
 I - 9 fruits
 J - 10 royal jellies
 K - 10 beef jerkies
 L - 3 slices of pizza


   Skills:
 - Level 3.6 Fighting
 * Level 24.0 Axes
 * Level 17.7 Armour
 - Level 2.1 Dodging


You had 14 spell levels left.
You didn't know any spells.

Dungeon Overview and Level Annotations

Branches:
Dungeon (15/15)            Temple (1/1) D:5            Lair (6/6) D:9
  Swamp (2/4) Lair:2        Snake (0/4) Lair:4        Slime (0/5) Lair:6
    Orc (0/2) D:10         Vaults (0/5) D:14         Depths (0/5) D:15

Altars:
Ashenzari
Cheibriados
Dithmenos
Elyvilon
Fedhas
Gozag
Hepliaklqana
Kikubaaqudgha
Makhleb
Nemelex Xobeh
Okawaru
Qazlal
Ru
Sif Muna
Trog
Uskayaw
Vehumet
Xom
Yredelemnul
Zin
The Shining One
Jiyva
Lugonu

Shops:
D:4 !   D:8 [[=(   D:10 (


Innate Abilities, Weirdness & Mutations

You reflexively headbutt those who attack you in melee.
You have a pair of horns on your head.
You are somewhat resistant to further mutation.


Message History

Your headbutt misses the thorn hunter.
The thorn hunter is moderately damaged.
The thorn hunter barely misses you.
The thorn hunter hits you but does no damage.
You completely miss the thorn hunter.
The thorn hunter is moderately damaged.
The briar patch crumbles away.
The thorn hunter hits you but does no damage. x2
Press: ? - help, v - describe, . - travel
Here: a thorn hunter (moderately damaged) Some shallow water.
You barely miss the thorn hunter.
The thorn hunter is moderately damaged.
You feel yourself speed up.
The briar patch crumbles away. x3
The thorn hunter fires a volley of thorns at you.
The volley of thorns hits you!
* * * LOW HITPOINT WARNING * * *
The thorn hunter fires a volley of thorns at you.
The volley of thorns hits you!
You die...

....♣♣
......♣♣♣
.≈≈§≈≈.≈♣♣
♣.≈≈≈≈≈.≈♣
♣..≈≈≈≈†≈♣
.≈≈≈≈≈≈≈<♣♣♣
.≈≈≈≈≈≈≈%≈§♣♣
..≈≈≈......≈♣
≈♣.≈≈≈f@%≈≈≈♣
♣♣.≈≈≈≈..≈.♣
.....≈≈≈≈≈≈♣♣
.≈≈≈.......♣
.≈≈≈.≈≈♣♣♣♣♣
♣≈≈≈...
..≈≈≈%.
...≈≈≈≈


You could see a thorn hunter.

Vanquished Creatures
  Nessos (Lair:6)
  The ghost of Laauton the Severer, a journeyman MiBe of Trog (Lair:3)
  Fannar (Lair:2)
  3 hydras
  Erica (Lair:1)
  A centaur warrior (D:14)
  A catoblepas (Lair:4)
  A dancing weapon (D:14)
  5 alligators
  6 death yaks (Lair:3)
  A queen ant (Lair:2)
  Nergalle (Lair:2)
  19 spriggans
  A fire crab (Lair:6)
  4 skeletal warriors (D:14)
  A swamp dragon (Swamp:1)
  3 unseen horrors
  A shambling mangrove (Swamp:1)
  An orc knight (D:15)
  8 hill giants
  2 ugly things
  2 deep elf magi
  An oklob plant (Lair:4)
  A wolf spider zombie (D:15)
  2 cyclopes
  7 elephants
  A guardian serpent (Lair:4)
  2 black mambas
  2 manticores
  A centaur zombie (D:13)
  A gargoyle (D:14)
  A rime drake (Lair:2)
  7 komodo dragons
  16 spiny frogs
  An efreet (D:14)
  11 hornets
  5 polar bears
  A two-headed ogre (D:10)
  2 trolls
  10 blink frogs
  A tyrant leech (Swamp:1)
  2 bog bodies
  9 slime creatures
  5 dream sheep (Lair:4)
  9 hippogriffs
  2 wyverns
  2 shadows
  45 yaks
  Eustachio (D:4)
  A vampire (D:14)
  A wraith (D:11)
  3 basilisks
  2 hungry ghosts
  13 vampire mosquitoes
  A mottled dragon (D:15)
  23 soldier ants
  9 swamp worms
  2 hell hounds (D:9)
  8 porcupines
  11 water moccasins
  2 swamp drakes (Swamp:1)
  6 ice beasts
  5 sky beasts
  5 black bears
  An eye of draining (D:10)
  A necrophage (D:9)
  A hornet zombie (D:15)
  6 ogres
  6 orc warriors
  3 phantoms
  3 boggarts (Lair:6)
  7 centaurs
  32 wolves
  12 crocodiles
  A big kobold (D:11)
  15 bullfrogs
  4 scorpions
  A wyvern skeleton (D:7)
  27 killer bees
  8 wights
  An electric eel (Lair:2)
  4 howler monkeys
  6 crimson imps
  A quasit (D:8)
  A bullfrog zombie (D:6)
  4 jellies
  5 centaur skeletons
  7 orc priests
  5 bullfrog skeletons
  3 hounds
  8 orc wizards
  5 iguanas
  28 worker ants
  A hound zombie (D:4)
  11 adders
  4 shadow imps
  An adder zombie (D:5)
  2 adder skeletons
  2 worms (D:2)
  A leopard gecko (D:1)
  36 orcs
  6 giant cockroaches
  10 goblins
  4 hobgoblins
  4 jackals (D:3)
  3 quokkas
  A ball python (D:4)
  9 bats
  2 frilled lizards
  12 kobolds
  A leopard gecko skeleton (D:6)
  7 rats
  2 briar patches (Swamp:2)
  A bush (Lair:4)
  A butterfly (Lair:1)
  6 fungi
  4 plants
642 creatures vanquished.

Vanquished Creatures (collateral kills)
  3 hydras
  A dancing weapon (D:14)
  4 ugly things (D:14)
  A shadow (D:12)
  A soldier ant (D:12)
10 creatures vanquished.

Vanquished Creatures (others)
  5 briar patches (Swamp:2)
  5 fungi (Lair:6)
  6 plants (Lair:6)
16 creatures vanquished.

Grand Total: 668 creatures vanquished

Notes
Turn   | Place    | Note
-------+----------+-------------------------------------------
     0 | D:1      | Just00me the Minotaur Berserker began the quest for the Orb.
     0 | D:1      | Reached XP level 1. HP: 19/19 MP: 0/0
   213 | D:1      | Reached skill level 4 in Axes
   279 | D:1      | Reached XP level 2. HP: 26/26 MP: 1/1
  1105 | D:2      | Reached XP level 3. HP: 31/31 MP: 2/2
  1198 | D:2      | Reached ** piety under Trog
  1253 | D:2      | Found a shattered altar of Ashenzari.
  1759 | D:3      | Reached skill level 5 in Axes
  1882 | D:3      | Reached XP level 4. HP: 35/39 MP: 3/3
  2017 | D:3      | Noticed a water elemental
  2018 | D:3      | Found a stormy altar of Qazlal.
  2020 | D:3      | Noticed an air elemental
  2021 | D:3      | Noticed a fire elemental
  2021 | D:3      | Noticed an earth elemental
  2040 | D:3      | Reached XP level 5. HP: 45/45 MP: 4/4
  2093 | D:3      | Noticed an ogre
  2106 | D:3      | Killed an ogre
  2106 | D:3      | Reached skill level 6 in Axes
  2106 | D:3      | Reached skill level 5 in Armour
  2679 | D:3      | Found a deep blue altar of Sif Muna.
  2816 | D:3      | Reached XP level 6. HP: 51/51 MP: 5/5
  2944 | D:3      | Found a shimmering altar of Xom.
  2998 | D:4      | Reached skill level 7 in Axes
  3042 | D:4      | Found Waaly's Distillery.
  3045 | D:4      | Bought a potion of might for 44 gold pieces
  3045 | D:4      | Bought a potion of flight for 33 gold pieces
  3077 | D:4      | Noticed Eustachio
  3105 | D:4      | Killed Eustachio
  3227 | D:4      | Found an iron altar of Okawaru.
  3239 | D:4      | Reached XP level 7. HP: 57/57 MP: 6/6
  3243 | D:4      | Reached skill level 8 in Axes
  3378 | D:5      | Entered Level 5 of the Dungeon
  3379 | D:5      | Found a bloodstained altar of Trog.
  3448 | D:5      | Found a staircase to the Ecumenical Temple.
  3466 | Temple   | Entered the Ecumenical Temple
  3605 | D:5      | Reached *** piety under Trog
  3637 | D:5      | Reached skill level 9 in Axes
  4005 | D:5      | Found a hide-covered altar of Uskayaw.
  4010 | D:5      | Found a blossoming altar of Fedhas.
  4121 | D:5      | Reached XP level 8. HP: 39/64 MP: 7/7
  4137 | D:5      | Found an iron altar of Okawaru.
  4364 | D:5      | Noticed a hill giant
  4382 | D:5      | Killed a hill giant
  4382 | D:5      | Reached skill level 10 in Axes
  4423 | D:5      | Found a white marble altar of Elyvilon.
  4752 | D:6      | Reached skill level 11 in Axes
  5296 | D:7      | Reached XP level 9. HP: 68/70 MP: 8/8
  5914 | D:8      | Found Veemo's Antique Armour Shoppe.
  5918 | D:8      | Found Erielu Saeti's Armour Boutique.
  6087 | D:8      | Found a blossoming altar of Fedhas.
  6148 | D:8      | Found Toba's Jewellery Shoppe.
  6322 | D:8      | Found Ynuilo's Weapon Shop.
  6353 | D:8      | Reached **** piety under Trog
  6378 | D:8      | Reached skill level 12 in Axes
  6386 | D:8      | Found a radiant altar of Vehumet.
  6390 | D:8      | Found a sparkling altar of Nemelex Xobeh.
  6667 | D:8      | Reached skill level 10 in Armour
  7054 | D:9      | Reached skill level 13 in Axes
  7069 | D:9      | Found a staircase to the Lair.
  7193 | D:9      | Reached XP level 10. HP: 43/77 MP: 9/9
  7530 | D:9      | Found an opulent altar of Gozag.
  7531 | D:9      | Found a glowing silver altar of Zin.
  7622 | D:9      | Found a hazy altar of Hepliaklqana.
  7884 | D:9      | Identified a scroll of acquirement
  7888 | D:9      | Got a smoking battleaxe
  7889 | D:9      | Identified the +4 battleaxe "Vaklus" {chop, +Blink +Inv rC+} (You acquired it on level 9 of the Dungeon)
  8040 | D:10     | Entered Level 10 of the Dungeon
  8112 | D:8      | Bought an uncursed amulet of the gourmand for 390 gold pieces
  8188 | D:9      | Reached skill level 14 in Axes
  8524 | D:10     | Found a staircase to the Orcish Mines.
  8879 | D:10     | Found Ahoppesie's Antique Weapon Shop.
  8998 | D:10     | Noticed a hill giant
  9003 | D:10     | Killed a hill giant
  9003 | D:10     | Reached ***** piety under Trog
  9003 | D:10     | Reached skill level 15 in Axes
  9206 | D:10     | Reached XP level 11. HP: 74/82 MP: 10/10
  9576 | D:11     | Received a gift from Trog
  9617 | D:11     | Got an ichor-stained executioner's axe {god gift}
  9618 | D:11     | Identified the +3 executioner's axe of Sumat {venom, *Noise rF++ Str+5} (Trog gifted it to you on level 11 of the Dungeon)
  9938 | D:11     | Reached skill level 16 in Axes
 10455 | D:11     | Noticed a hill giant
 10460 | D:11     | Killed a hill giant
 10587 | D:12     | Noticed a hill giant
 10602 | D:11     | Killed a hill giant
 10925 | D:12     | Noticed a four-headed hydra
 10979 | D:12     | Killed a five-headed hydra
 11018 | D:12     | Killed an unseen horror
 11018 | D:12     | Reached skill level 17 in Axes
 11028 | D:12     | Noticed a deep elf mage
 11044 | D:12     | Killed a deep elf mage
 11355 | D:12     | Noticed a red ugly thing
 11362 | D:12     | Killed a red ugly thing
 11766 | D:13     | Reached XP level 12. HP: 90/90 MP: 11/11
 12400 | D:13     | Reached skill level 18 in Axes
 12713 | D:13     | Found a shattered altar of Ashenzari.
 12910 | D:14     | Got a spiked helmet
 13291 | D:14     | Noticed a centaur warrior
 13295 | D:14     | Killed a centaur warrior
 13395 | D:14     | Reached skill level 19 in Axes
 13409 | D:14     | Found a gate to the Vaults.
 13630 | D:14     | Noticed a seven-headed hydra
 13635 | D:14     | Killed a seven-headed hydra
 14377 | D:14     | Reached skill level 15 in Armour
 14379 | D:14     | Reached XP level 13. HP: 84/95 MP: 12/12
 14387 | D:15     | Entered Level 15 of the Dungeon
 14705 | D:15     | Reached skill level 20 in Axes
 14795 | D:15     | Found a staircase to the Depths.
 14795 | D:15     | Noticed a fire giant
 15659 | Lair:1   | Entered Level 1 of the Lair of Beasts
 15693 | Lair:1   | Noticed Erica
 15705 | Lair:1   | Killed Erica
 16498 | Lair:2   | Noticed Nergalle
 16507 | Lair:2   | Killed Nergalle
 16856 | Lair:2   | Found a staircase to the Swamp.
 16869 | Lair:2   | Received a gift from Trog
 17313 | Lair:2   | Reached skill level 21 in Axes
 17463 | Lair:2   | Noticed Fannar
 17476 | Lair:2   | Killed Fannar
 17702 | Lair:3   | Noticed Laauton's ghost (journeyman MiBe)
 17732 | Lair:3   | Killed Laauton's ghost
 18792 | Lair:3   | Reached XP level 14. HP: 73/102 MP: 13/13
 19579 | Lair:4   | Reached skill level 22 in Axes
 19772 | Lair:3   | Received a gift from Trog
 19914 | Lair:4   | Got a pitted bone ring
 19916 | Lair:4   | Identified the ring "Zyall" {rF+ MP+9 Str-4 Stlth+} (You found it on level 4 of the Lair of Beasts)
 20339 | Lair:4   | Found a staircase to the Snake Pit.
 21107 | Lair:5   | Found a hazy altar of Hepliaklqana.
 21394 | Lair:5   | Gained mutation: You are somewhat resistant to further mutation. [potion of beneficial mutation]
 21770 | Lair:6   | Entered Level 6 of the Lair of Beasts
 22223 | Lair:6   | Reached skill level 23 in Axes
 22296 | Lair:6   | Noticed Nessos
 22317 | Lair:6   | Killed Nessos
 22629 | Lair:6   | Identified the Catalogue of the Arcane
 22657 | Lair:6   | Reached ****** piety under Trog
 22660 | Lair:6   | Received a gift from Trog
 22752 | Lair:6   | Found a staircase to the Slime Pits.
 22753 | Lair:6   | Found a viscous altar of Jiyva.
 23512 | Lair:5   | Reached XP level 15. HP: 103/107 MP: 14/14
 23599 | Swamp:1  | Entered Level 1 of the Swamp
 24587 | Swamp:1  | Found a radiant altar of Vehumet.
 24622 | Swamp:1  | Reached skill level 24 in Axes
 24744 | Swamp:2  | Noticed a thorn hunter
 24767 | Swamp:2  | Killed from afar by a thorn hunter

Skill      XL: |  1  2  3  4  5  6  7  8  9 10 11 12 13 14 15 |
---------------+----------------------------------------------+-----
Axes           | 4 5 6 7 9 11 13 15 17 19 21 23 24 | 24.0
Armour         | 3 4 5 6 7 9 11 12 13 15 16 17 | 17.7
Fighting       | |  3.6
Dodging        | |  2.1

Action                   |  1- 3 |  4- 6 |  7- 9 | 10-12 | 13-15 || total
-------------------------+-------+-------+-------+-------+-------++-------
Melee: Hand axe          |    94 |    90 |   381 |    52 |       ||   617
       Headbutt          |    12 |    15 |    70 |   109 |   222 ||   428
       Battleaxe         |       |       |       |   179 |   109 ||   288
       Executioner's axe |       |       |       |   274 |   619 ||   893
       Broad axe         |       |       |       |       |   268 ||   268
       Scimitar          |       |       |       |       |     2 ||     2
Throw: Stone             |     5 |     3 |       |    17 |       ||    25
Invok: Berserk           |     2 |     1 |     2 |     4 |     4 ||    13
       Trog's Hand       |       |     1 |     3 |     4 |     6 ||    14
       Burn Spellbooks   |       |       |     1 |     1 |     2 ||     4
       Brothers in Arms  |       |       |       |     2 |     2 ||     4
Evoke: Wand              |       |       |     2 |     1 |     1 ||     4
       Phantom mirror    |       |       |       |     1 |       ||     1
  Use: Scroll            |     8 |     3 |     9 |     9 |    10 ||    39
       Potion            |       |       |       |     4 |     3 ||     7
 Stab: Fleeing           |       |       |       |     1 |       ||     1
  Eat: Chunk             |     4 |     7 |     7 |    41 |    42 ||   101
       Beef jerky        |       |       |     1 |       |       ||     1
       Meat ration       |       |       |     1 |       |       ||     1
       Pizza             |       |       |     1 |       |       ||     1
       Royal jelly       |       |       |       |     1 |       ||     1
Armor: Ring mail         |    29 |       |       |       |       ||    29
       Chain mail        |     1 |    50 |    93 |       |       ||   144
       Plate armour      |       |       |    73 |   400 |   777 ||  1250
Dodge: Dodged            |    42 |    40 |   128 |   260 |   425 ||   895
